 Dungeon Crawl Stone Soup version 0.30.0-5-g1a98f26d00 (webtiles) character file.

Game seed: 9863634154205449463

0 javelincjr the Firebug (level 1, -1/13 HPs)
             Began as a Demonspawn Fire Elementalist on May 12, 2023.
             Slain by a hobgoblin (3 damage)
             ... on level 1 of the Dungeon.
             The game lasted 00:00:41 (64 turns).

javelincjr the Firebug (Demonspawn Fire Elementalist) Turns: 64, Time: 00:00:42

Health: -1/13      AC:  2    Str:  8    XL:     1   Next: 8%
Magic:  0/3        EV: 12    Int: 16    God:
Gold:   12         SH:  0    Dex: 13    Spells: 3/4 levels left

rFire   . . .        (no weapon)
rCold   . . .        (no shield)
rNeg    . . .        a - +0 robe
rPois   .            (no helmet)
rElec   .            (no cloak)
rCorr   .            (no gloves)
SInv    .            (no boots)
Will    .....        (no amulet)
Stlth   ++           (no ring)
HPRegen 0.22/turn    (no ring)
MPRegen 0.08/turn

%: no passive effects
@: no status effects
A: no striking features
a: no special abilities


You were on level 1 of the Dungeon.
You visited 1 branch of the dungeon, and saw 1 of its levels.

You collected 12 gold pieces.

Inventory:

Armour
 a - a +0 robe (worn)
Scrolls
 c - a scroll of identify {unknown}
Potions
 b - a potion of magic


   Skills:
 + Level 1.7 Dodging
 + Level 1.7 Stealth
 + Level 2.0 Spellcasting
 + Level 1.0 Conjurations
 + Level 2.7 Fire Magic


You had 3 spell levels left.
You knew the following spells:

 Your Spells              Type           Power      Damage    Failure   Level
a - Foxfire               Conj/Fire      28%        2x1d5     10%         1

Your spell library contained the following spells:

 Spells                   Type           Power      Damage    Failure   Level
 Scorch                   Fire           20%        2d6       11%         2
 Inner Flame              Hex/Fire       5%         N/A       34%         3
 Volatile Blastmotes      Fire/Tloc      10%        2d10      34%         3
 Flame Wave               Conj/Fire      7%         2d5       67%         4


Dungeon Overview and Level Annotations

Branches:
Dungeon (1/15)

Altars:


Message History

You conjure some foxfire!
The bat closely misses you.
You conjure some foxfire!
The foxfire hits the bat but does no damage.
The foxfire hits the bat.
The bat is moderately wounded.
The bat closely misses you.
You are out of magic!
Unknown command.
You are out of magic!
The foxfire hits the bat.
The bat is severely wounded.
The foxfire hits the bat.
You kill the bat!
The kobold shouts!
You hit the hobgoblin but do no damage. The hobgoblin barely misses you.
You barely miss the hobgoblin. The hobgoblin hits you.
You closely miss the hobgoblin. The hobgoblin hits you.
The hobgoblin attacks as you move away! The hobgoblin barely misses you.
The hobgoblin attacks as you move away!
The hobgoblin hits you but does no damage.
A goblin comes into view. It is wielding a +0 dagger.
You conjure some foxfire!
The hobgoblin hits you.
You barely miss the hobgoblin.
The foxfire hits the hobgoblin but does no damage. x2
The hobgoblin closely misses you.
You hit the hobgoblin but do no damage.
The kobold hits the plant with a +0 short sword.
The plant begins to die.
The hobgoblin closely misses you.
You closely miss the hobgoblin. You punch the hobgoblin.
The hobgoblin is moderately wounded.
The kobold hits the plant with a +0 short sword.
The hobgoblin hits you.
* * * LOW HITPOINT WARNING * * *
You are too injured to fight recklessly!
Casting: Foxfire (safe; 10% risk of failure)
Confirm with . or Enter, or press ? or * to list all spells.
You conjure some foxfire!
The kobold hits the plant with a +0 short sword.
The hobgoblin hits you.
You die...

##.....# #...†.K#
. PPP.PP..## ..
.P.♣P♣♣P.#
..PP♣♣♣♣♣♣♣♣♣.#
.....♣.♣.♣♣P.##
....♣P...♣..##
......v.P.###
.....gv@gK#
##.########.#####
................#
#######'#######.#
#.............#
#.###########.#
........#.#
#######.#.#
#.....#.#.#


You could see a hobgoblin (ally target), a goblin and a kobold.

Vanquished Creatures
  A bat (D:1)
1 creature vanquished.

Vanquished Creatures (collateral kills)
  A foxfire (D:1)
1 creature vanquished.

Vanquished Creatures (others)
  7 foxfires (D:1)
7 creatures vanquished.

Grand Total: 9 creatures vanquished

Notes
Turn   | Place    | Note
-------+----------+-------------------------------------------
     0 | D:1      | javelincjr the Demonspawn Fire Elementalist began the quest
                  | for the Orb.
     0 | D:1      | Reached XP level 1. HP: 13/13 MP: 3/3
    64 | D:1      | Slain by a hobgoblin

Illustrated notes

Levels and vault maps discovered:
D:1:      matt_arrival_refuge, layout_basic, serial_forest,
          infiniplex_forest_clump_cross, infiniplex_forest_end_3,
          infiniplex_forest_lined_corner, infiniplex_forest_lined_4_way,
          infiniplex_forest_straight_2, infiniplex_forest_split,
          infiniplex_forest_straight_4, infiniplex_forest_end_double,
          infiniplex_forest_clump_long, infiniplex_forest_straight_3

Action                     || total
---------------------------++-------
  Melee: Unarmed           ||     7
         Punch             ||     1
   Cast: Foxfire           ||     5
 Armour: Robe              ||     2
  Dodge: Dodged            ||     7
